NYP
MINNESOTA (NYP) TWINS @ IDAHO FALLS CHUKARS
09/05/2049
 
TOP OF THE 1ST
Minnesota (NYP) Twins batting - Pitching for Idaho Falls Chukars : LHP Edwin Longoria
Pitching: LHP Edwin Longoria
Batting: RHB Caleb Bockmann 0-0: Called Strike
0-1: Ground out 5-3 (Groundball, 5L, EV 103.8 MPH)
Batting: RHB Fhil Mikrakin 0-0: Called Strike
0-1: Ball
1-1: Ball
2-1: Called Strike
2-2: Ball
3-2: Strikes out swinging
Batting: RHB Steve Raine 0-0: Foul Ball, location: 2F
0-1: Ball
1-1: Foul Ball, location: 2F
1-2: Ground out 6-3 (Groundball, 6, EV 85.6 MPH)
Top of the 1st over - 0 runs, 0 hits, 0 errors, 0 left on base; Minnesota (NYP) 0 - Idaho Falls 0
BOTTOM OF THE 1ST
Idaho Falls Chukars batting - Pitching for Minnesota (NYP) Twins : LHP Sandy Benitez
Pitching: LHP Sandy Benitez
Batting: RHB Shura Mogilny 0-0: Ball
1-0: Ground out 3-1 (Groundball, 34, EV 101.2 MPH)
Batting: RHB Milanni Isaaka 0-0: Ball
1-0: Foul Ball, location: 2F
1-1: Ball
2-1: Ball
3-1: Fly out, F9 (Flyball, 9, EV 90.6 MPH)
Batting: RHB Hugo Chavez 0-0: Called Strike
0-1: Foul Ball, location: 2F
0-2: Foul Ball, location: 2F
0-2: Ball
1-2: Ground out 6-3 (Groundball, 6, EV 81.9 MPH)
Bottom of the 1st over - 0 runs, 0 hits, 0 errors, 0 left on base; Minnesota (NYP) 0 - Idaho Falls 0
TOP OF THE 2ND
Minnesota (NYP) Twins batting - Pitching for Idaho Falls Chukars : LHP Edwin Longoria
Batting: LHB Hector Olvera 0-0: Fly out, F4 (Line Drive, 4, EV 73.8 MPH)
Batting: RHB David McClellan 0-0: Ball
1-0: Called Strike
1-1: Ball
2-1: Ball
3-1: Called Strike
3-2: Foul Ball, location: 2F
3-2: SINGLE (Groundball, 56D, EV 109.4 MPH)
Batting: RHB Chris Bejarano 0-0: Ball
1-0: Called Strike
1-1: Called Strike
1-2: Ball
2-2: SINGLE (Line Drive, 9LM, EV 105.6 MPH)
David McClellan to second
Batting: LHB Ben Roth 0-0: Ball
1-0: Ball
2-0: Foul Ball, location: 2F
2-1: SINGLE (Groundball, 6MD, EV 103.1 MPH)
David McClellan to third
Chris Bejarano to second
Batting: LHB Jose Hilario 0-0: Called Strike
0-1: Fielders Choice at 2nd, 4-6 (Groundball, 4, EV 103.1 MPH)
David McClellan scores
Chris Bejarano to third
Batting: SHB Juan Aguilar 0-0: Ball
1-0: Swinging Strike
1-1: Ball
2-1: Foul Ball, location: 2F
2-2: Ball
3-2: Ground out 4-3 (Groundball, 4, EV 110.0 MPH)
Top of the 2nd over - 1 run, 3 hits, 0 errors, 2 left on base; Minnesota (NYP) 1 - Idaho Falls 0
BOTTOM OF THE 2ND
Idaho Falls Chukars batting - Pitching for Minnesota (NYP) Twins : LHP Sandy Benitez
Batting: LHB Jayden Pelayo 0-0: Ground out 4-3 (Groundball, 4, EV 78.1 MPH)
Batting: RHB Bill Cranton 0-0: Called Strike
0-1: Foul Ball, location: 2F
0-2: Strikes out swinging
Batting: RHB Juan Nieves 0-0: Ball
1-0: Ground out 2-3 (Groundball, 15S, EV 65.0 MPH)
Bottom of the 2nd over - 0 runs, 0 hits, 0 errors, 0 left on base; Minnesota (NYP) 1 - Idaho Falls 0
TOP OF THE 3RD
Minnesota (NYP) Twins batting - Pitching for Idaho Falls Chukars : LHP Edwin Longoria
Batting: RHB Caleb Bockmann 0-0: DOUBLE (Groundball, 5L, EV 96.2 MPH)
Batting: RHB Fhil Mikrakin 0-0: Called Strike
0-1: Ball
1-1: Foul Ball, location: 2F
1-2: Ball
2-2: Ball
3-2: Foul Ball, location: 2F
3-2: Foul Ball, location: 2F
3-2: Base on Balls
Batting: RHB Steve Raine 0-0: Ball
1-0: 3-RUN HOME RUN (Flyball, 9LD, EV 97.5 MPH), Distance : 379 ft
Batting: LHB Hector Olvera 0-0: Ball
1-0: SINGLE (Flyball, 34D, EV 92.5 MPH)
Batting: RHB David McClellan 0-0: SINGLE (Groundball, 56S, EV 68.8 MPH) (infield hit)
Hector Olvera to second
Batting: RHB Chris Bejarano 0-0: Called Strike
0-1: Ball
1-1: Fly out, F6 (Popup, 4M, EV 76.9 MPH)
Batting: LHB Ben Roth 0-0: Grounds out, U3 (Groundball, 3L, EV 90.0 MPH)
Hector Olvera to third
Batting: LHB Jose Hilario 0-0: Swinging Strike
0-1: Ball
1-1: Called Strike
1-2: Ball
2-2: 3-RUN HOME RUN (Flyball, 7LD, EV 91.2 MPH), Distance : 346 ft
Pitching: RHP Paul Gibbens
Batting: SHB Juan Aguilar 0-0: Ball
1-0: Ball
2-0: Ball
3-0: Base on Balls
Batting: RHB Caleb Bockmann 0-0: Called Strike
0-1: 2-RUN HOME RUN (Flyball, 7D, EV 95.0 MPH), Distance : 376 ft
Batting: RHB Fhil Mikrakin 0-0: Called Strike
0-1: Ball
1-1: DOUBLE (Line Drive, 78D, EV 101.9 MPH)
Batting: RHB Steve Raine 0-0: Called Strike
0-1: Ball
1-1: Ball
2-1: SINGLE (Groundball, 4MD, EV 97.5 MPH)
Fhil Mikrakin to third
Runner from 3rd tries for Home, SAFE, throw by CF to home
Batting: LHB Hector Olvera 0-0: Foul Ball, location: 2F
0-1: Foul Ball, location: 2F
0-2: Ball
1-2: Ball
2-2: Ball
3-2: Strikes out looking
Top of the 3rd over - 9 runs, 8 hits, 0 errors, 1 left on base; Minnesota (NYP) 10 - Idaho Falls 0
BOTTOM OF THE 3RD
Idaho Falls Chukars batting - Pitching for Minnesota (NYP) Twins : LHP Sandy Benitez
Batting: RHB Tim Williams 0-0: Ball
1-0: Ground out 5-3 (Groundball, 25, EV 90.0 MPH)
Batting: SHB Alex Cavazos 0-0: Ground out 4-3 (Groundball, 4S, EV 80.0 MPH)
Batting: RHB Tanner Holland 0-0: Ball
1-0: Ball
2-0: Ball
3-0: Called Strike
3-1: Base on Balls
Batting: RHB Shura Mogilny 0-0: Ball
1-0: Ball
2-0: Fly out, F7 (Flyball, 7S, EV 91.9 MPH)
Bottom of the 3rd over - 0 runs, 0 hits, 0 errors, 1 left on base; Minnesota (NYP) 10 - Idaho Falls 0
TOP OF THE 4TH
Minnesota (NYP) Twins batting - Pitching for Idaho Falls Chukars : RHP Paul Gibbens
Batting: RHB David McClellan 0-0: Foul Ball, location: 2F
0-1: Ball
1-1: Fly out, F8 (Flyball, 78M, EV 95.6 MPH)
Batting: RHB Chris Bejarano 0-0: Ball
1-0: Ground out 4-3 (Groundball, 4, EV 90.0 MPH)
Batting: LHB Ben Roth 0-0: Called Strike
0-1: Ball
1-1: Swinging Strike
1-2: Ball
2-2: Strikes out swinging
Top of the 4th over - 0 runs, 0 hits, 0 errors, 0 left on base; Minnesota (NYP) 10 - Idaho Falls 0
BOTTOM OF THE 4TH
Idaho Falls Chukars batting - Pitching for Minnesota (NYP) Twins : LHP Sandy Benitez
Batting: RHB Milanni Isaaka 0-0: Called Strike
0-1: Called Strike
0-2: Foul Ball, location: 2F
0-2: Ball
1-2: Ball
2-2: SINGLE (Groundball, 6S, EV 66.9 MPH) (infield hit)
Batting: RHB Hugo Chavez 0-0: Ball
1-0: Swinging Strike
1-1: Grounds into double play, 5-4-3 (Groundball, 56, EV 83.8 MPH)
Batting: LHB Jayden Pelayo 0-0: Ball
1-0: Called Strike
1-1: Foul Ball, location: 2F
1-2: Foul Ball, location: 2F
1-2: Ball
2-2: Strikes out swinging
Bottom of the 4th over - 0 runs, 1 hit, 0 errors, 0 left on base; Minnesota (NYP) 10 - Idaho Falls 0
TOP OF THE 5TH
Minnesota (NYP) Twins batting - Pitching for Idaho Falls Chukars : RHP Paul Gibbens
Batting: LHB Jose Hilario 0-0: Ball
1-0: Foul Ball, location: 2F
1-1: Ball
2-1: Ball
3-1: Foul Ball, location: 2F
3-2: Base on Balls
Batting: SHB Juan Aguilar 0-0: Ball
1-0: Called Strike
1-1: Called Strike
1-2: Ball
2-2: Ball
3-2: Foul Ball, location: 2F
3-2: Base on Balls
Jose Hilario to second
Pitching: RHP Zong-yuan Xue
Batting: RHB Caleb Bockmann 0-0: Called Strike
0-1: Ball
1-1: Swinging Strike
1-2: Foul Ball, location: 2F
1-2: Ball
2-2: Ball
3-2: Fielders Choice at 2nd, 5-4 (Groundball, 15, EV 94.4 MPH)
Jose Hilario to third
Batting: RHB Fhil Mikrakin 0-0: Fly out, F3 (Popup, 3SF, EV 85.6 MPH)
Batting: RHB Steve Raine 0-0: Foul Ball, location: 2F
0-1: Swinging Strike
0-2: Fly out, F8 (Line Drive, 78D, EV 98.1 MPH)
Top of the 5th over - 0 runs, 0 hits, 0 errors, 2 left on base; Minnesota (NYP) 10 - Idaho Falls 0
BOTTOM OF THE 5TH
Idaho Falls Chukars batting - Pitching for Minnesota (NYP) Twins : LHP Sandy Benitez
Batting: RHB Bill Cranton 0-0: Called Strike
0-1: Swinging Strike
0-2: Foul Ball, location: 2F
0-2: Ball
1-2: Ball
2-2: Ground out 1-3 (Groundball, P, EV 68.1 MPH)
Batting: RHB Juan Nieves 0-0: Ball
1-0: Foul Ball, location: 2F
1-1: Ball
2-1: Foul Ball, location: 2F
2-2: Strikes out looking
Batting: RHB Tim Williams 0-0: Ball
1-0: Swinging Strike
1-1: Swinging Strike
1-2: Ball
2-2: Ball
3-2: Ground out 6-3 (Groundball, 56, EV 102.5 MPH)
Bottom of the 5th over - 0 runs, 0 hits, 0 errors, 0 left on base; Minnesota (NYP) 10 - Idaho Falls 0
TOP OF THE 6TH
Minnesota (NYP) Twins batting - Pitching for Idaho Falls Chukars : RHP Zong-yuan Xue
Batting: LHB Hector Olvera 0-0: Called Strike
0-1: Ball
1-1: Foul Ball, location: 2F
1-2: Ball
2-2: DOUBLE (Line Drive, 89XD, EV 101.2 MPH)
Batting: RHB David McClellan 0-0: Ball
1-0: Called Strike
1-1: SINGLE (Groundball, 56D, EV 97.5 MPH)
Hector Olvera to third
Batting: RHB Chris Bejarano 0-0: SINGLE (Groundball, 56S, EV 96.9 MPH)
Hector Olvera scores
David McClellan to second
Batting: LHB Ben Roth 0-0: Ball
1-0: Foul Ball, location: 2F
1-1: Foul Ball, location: 2F
1-2: SINGLE (Groundball, 34S, EV 71.2 MPH) (infield hit)
David McClellan to third
Chris Bejarano to second
Batting: LHB Jose Hilario 0-0: Fly out, F8 (Flyball, 78S, EV 86.9 MPH)
Batting: SHB Juan Aguilar 0-0: Fly out, F5 (Popup, 56S, EV 86.2 MPH)
Batting: RHB Caleb Bockmann 0-0: Called Strike
0-1: SINGLE (Groundball, 56, EV 96.9 MPH) (infield hit)
David McClellan scores
Chris Bejarano to third
Ben Roth to second
Batting: RHB Fhil Mikrakin 0-0: Ball
1-0: Fly out, F8 (Flyball, 8RD, EV 102.5 MPH)
Top of the 6th over - 2 runs, 5 hits, 0 errors, 3 left on base; Minnesota (NYP) 12 - Idaho Falls 0
BOTTOM OF THE 6TH
Idaho Falls Chukars batting - Pitching for Minnesota (NYP) Twins : LHP Sandy Benitez
Batting: SHB Alex Cavazos 0-0: Fly out, F9 (Flyball, 89S, EV 91.9 MPH)
Batting: RHB Tanner Holland 0-0: Called Strike
0-1: Foul Ball, location: 2F
0-2: Ground out 3-1 (Groundball, 34, EV 91.9 MPH)
Batting: RHB Shura Mogilny 0-0: Swinging Strike
0-1: Called Strike
0-2: Foul Ball, location: 2F
0-2: Ball
1-2: Ball
2-2: DOUBLE (Flyball, 78D, EV 89.4 MPH)
Batting: RHB Milanni Isaaka 0-0: Ball
1-0: Ball
2-0: Ball
3-0: Base on Balls
Batting: RHB Hugo Chavez 0-0: Ball
1-0: Ball
2-0: Ball
3-0: Called Strike
3-1: Base on Balls
Shura Mogilny to third
Milanni Isaaka to second
Batting: LHB Jayden Pelayo 0-0: Foul Ball, location: 2F
0-1: Fielders Choice at 2nd, 4-6 (Groundball, 4MD, EV 85.0 MPH)
Bottom of the 6th over - 0 runs, 1 hit, 0 errors, 3 left on base; Minnesota (NYP) 12 - Idaho Falls 0
TOP OF THE 7TH
Minnesota (NYP) Twins batting - Pitching for Idaho Falls Chukars : RHP Zong-yuan Xue
Batting: RHB Steve Raine 0-0: Foul Ball, location: 2F
0-1: Ball
1-1: Foul Ball, location: 2F
1-2: SINGLE (Groundball, 4, EV 108.8 MPH)
Pitching: RHP Chris Chilcoat
Batting: LHB Hector Olvera 0-0: Ball
Passed Ball!
Steve Raine to second
1-0: Called Strike
1-1: Ball
2-1: Swinging Strike
2-2: Foul Ball, location: 2F
2-2: Ball
3-2: Fly out, F8 (Line Drive, 8LD, EV 94.4 MPH)
Batting: RHB David McClellan 0-0: Foul Ball, location: 2F
0-1: Called Strike
0-2: Ball
1-2: Reached on error, E6 (Groundball, 56, EV 86.9 MPH)
Steve Raine to third
Batting: RHB Chris Bejarano 0-0: Swinging Strike
0-1: Ball
1-1: Ball
2-1: Ball
3-1: Fielders Choice at 2nd, 3-6 (Groundball, 34S, EV 85.0 MPH)
Steve Raine scores
Batting: LHB Ben Roth 0-0: Called Strike
0-1: Swinging Strike
0-2: Ball
1-2: Foul Ball, location: 2F
1-2: DOUBLE (Line Drive, 9LM, EV 103.1 MPH)
Chris Bejarano to third
Batting: LHB Jose Hilario 0-0: Called Strike
0-1: Swinging Strike
0-2: Reached on error, E2 (Groundball, 2R, EV 61.9 MPH)
Chris Bejarano scores
Ben Roth scores
Pitching: RHP Victor Maravilla
Batting: SHB Juan Aguilar 0-0: Called Strike
0-1: Ball
1-1: Ground out 4-3 (Groundball, 4S, EV 70.0 MPH)
Top of the 7th over - 3 runs, 2 hits, 2 errors, 1 left on base; Minnesota (NYP) 15 - Idaho Falls 0
BOTTOM OF THE 7TH
Idaho Falls Chukars batting - Pitching for Minnesota (NYP) Twins : LHP Sandy Benitez
Batting: RHB Bill Cranton 0-0: Ball
1-0: Ground out 6-3 (Groundball, 6, EV 91.9 MPH)
Pitching: RHP Karel Braaksma
Batting: RHB Juan Nieves 0-0: SINGLE (Flyball, 6D, EV 91.9 MPH)
Batting: RHB Tim Williams 0-0: Ball
1-0: Ball
2-0: Foul Ball, location: 2F
2-1: Ball
3-1: Called Strike
3-2: Grounds into double play, 6-4-3 (Groundball, 6MS, EV 84.4 MPH)
Bottom of the 7th over - 0 runs, 1 hit, 0 errors, 0 left on base; Minnesota (NYP) 15 - Idaho Falls 0
TOP OF THE 8TH
Minnesota (NYP) Twins batting - Pitching for Idaho Falls Chukars : RHP Victor Maravilla
Batting: RHB Caleb Bockmann 0-0: Called Strike
0-1: Swinging Strike
0-2: Ball
1-2: Ball
2-2: Ball
3-2: Foul Ball, location: 2F
3-2: Foul Ball, location: 2F
3-2: Foul Ball, location: 2F
3-2: Foul Ball, location: 2F
3-2: Foul Ball, location: 2F
3-2: Strikes out swinging
Batting: RHB Fhil Mikrakin 0-0: Fly out, F9 (Flyball, 9, EV 89.4 MPH)
Batting: RHB Steve Raine 0-0: Called Strike
0-1: Ball
1-1: Foul Ball, location: 2F
1-2: Foul Ball, location: 2F
1-2: SINGLE (Groundball, 6MD, EV 104.4 MPH)
Batting: LHB Hector Olvera 0-0: Fly out, F4 (Line Drive, 4, EV 73.8 MPH)
Top of the 8th over - 0 runs, 1 hit, 0 errors, 1 left on base; Minnesota (NYP) 15 - Idaho Falls 0
BOTTOM OF THE 8TH
Idaho Falls Chukars batting - Pitching for Minnesota (NYP) Twins : RHP Karel Braaksma
Batting: SHB Alex Cavazos 0-0: Called Strike
0-1: Foul Ball, location: 2F
0-2: Fly out, F4 (Line Drive, 4, EV 61.9 MPH)
Batting: RHB Tanner Holland 0-0: Ball
1-0: Foul Ball, location: 2F
1-1: Ball
2-1: Ground out 5-3 (Groundball, 56, EV 104.4 MPH)
Batting: RHB Shura Mogilny 0-0: Ball
1-0: Ball
2-0: Called Strike
2-1: Ball
3-1: Called Strike
3-2: Foul Ball, location: 2F
3-2: SINGLE (Groundball, 34D, EV 103.1 MPH) (infield hit)
Batting: RHB Milanni Isaaka 0-0: SINGLE (Groundball, 6MD, EV 106.9 MPH)
Shura Mogilny to second
Runner from 2nd tries for 3rd, SAFE, throw by CF made to third
Batting: RHB Hugo Chavez 0-0: Called Strike
0-1: Ball
Balk!
Shura Mogilny scores
Milanni Isaaka to second
1-1: Ball
2-1: Ball
3-1: Base on Balls
Batting: LHB Jayden Pelayo 0-0: Fly out, F8 (Line Drive, 8LD, EV 92.5 MPH)
Bottom of the 8th over - 1 run, 2 hits, 0 errors, 2 left on base; Minnesota (NYP) 15 - Idaho Falls 1
TOP OF THE 9TH
Minnesota (NYP) Twins batting - Pitching for Idaho Falls Chukars : RHP Victor Maravilla
Batting: RHB David McClellan 0-0: Swinging Strike
0-1: Ball
1-1: Ball
2-1: Swinging Strike
2-2: Ball
3-2: Strikes out looking
Batting: RHB Chris Bejarano 0-0: Ball
1-0: Ground out 5-3 (Groundball, 56D, EV 85.0 MPH)
Batting: LHB Ben Roth 0-0: Ball
1-0: Ball
2-0: Called Strike
2-1: Ground out 4-3 (Groundball, 4S, EV 83.1 MPH)
Top of the 9th over - 0 runs, 0 hits, 0 errors, 0 left on base; Minnesota (NYP) 15 - Idaho Falls 1
BOTTOM OF THE 9TH
Idaho Falls Chukars batting - Pitching for Minnesota (NYP) Twins : RHP Karel Braaksma
Batting: RHB Bill Cranton 0-0: Ball
1-0: Foul Ball, location: 2F
1-1: Fly out, F6 (Flyball, 6MD, EV 89.4 MPH)
Batting: RHB Juan Nieves 0-0: Ball
1-0: Swinging Strike
1-1: Ball
2-1: Foul Ball, location: 2F
2-2: Ball
3-2: Hit by Pitch
Pitching: LHP Yeijiro Kimura
Batting: RHB Tim Williams 0-0: Ball
1-0: Swinging Strike
1-1: Swinging Strike
1-2: Strikes out swinging
Batting: SHB Alex Cavazos 0-0: Ball
1-0: SINGLE (Groundball, 34D, EV 103.8 MPH)
Juan Nieves to second
Batting: RHB Tanner Holland 0-0: Ball
1-0: Foul Ball, location: 2F
1-1: Ball
2-1: Swinging Strike
2-2: Strikes out swinging
Bottom of the 9th over - 0 runs, 1 hit, 0 errors, 2 left on base; Minnesota (NYP) 15 - Idaho Falls 1
Sunday, July 16th , 2023 - OOTP Baseball 24.6 Build 69